 Dungeon Crawl Stone Soup version 0.29-a0-337-g68df138881 (webtiles) character file.

Game seed: 8909244899874095593

179 sammy202020 the Skirmisher (level 5, 0/42 HPs)
             Began as a Demonspawn Berserker on Apr 16, 2022.
             Was a Priest of Trog.
             Slain by a gnoll
             ... wielding a +0 flail
              (2 damage)
             ... on level 4 of the Dungeon.
             The game lasted 00:03:22 (3111 turns).

sammy202020 the Skirmisher (Demonspawn Berserker)   Turns: 3111, Time: 00:03:23

Health: 0/42       AC:  6    Str: 17    XL:     5   Next: 32%
Magic:  5/5        EV: 11    Int: 17    God:    Trog [***...]
Gold:   181        SH:  0    Dex: 12    Spells: 4/4 levels left

rFire   . . .      SeeInvis .   a - +0 hand axe
rCold   . . .      Faith    .   (no shield)
rNeg    . . .      Spirit   .   c - +3 leather armour "Niromiwk" {Will+ Int+6}
rPois   .          Reflect  .   (no helmet)
rElec   .          Harm     .   (no cloak)
rCorr   .          Rampage  .   (no gloves)
Will    +....                   (no boots)
Stlth   +.........              l - amulet of the acrobat
HPRegen 0.14/turn               j - ring of flight
MPRegen 0.09/turn               (no ring)

@: flying
A: hooves 1, weakness stinger 1
a: Renounce Religion, Berserk, Trog's Hand


You were on level 4 of the Dungeon.
You worshipped Trog.
Trog was most pleased with you.
You visited 1 branch of the dungeon, and saw 4 of its levels.

You collected 181 gold pieces.

Inventory:

Hand Weapons
 a - a +0 hand axe (weapon)
 b - a +0 flail
 d - a +0 battleaxe
Missiles
 k - 9 poisoned darts (quivered)
 q - a throwing net
Armour
 c - the +3 leather armour "Niromiwk" (worn) {Will+ Int+6}
   (You found it on level 3 of the Dungeon)

   Int:       It affects your intelligence (+6).
   Will:      It increases your willpower.
 r - a +0 ring mail
Jewellery
 j - a ring of flight (left hand)
 l - an amulet of the acrobat (around neck)
Wands
 o - a wand of digging (4)
Scrolls
 f - a scroll of magic mapping {unknown}
 h - a scroll of fear {unknown}
 m - a scroll of identify {unknown}
 n - a scroll of teleportation {unknown}
 p - a scroll of blinking {unknown}
Potions
 e - a potion of magic {unknown}
 g - a potion of flight {unknown}
 i - 2 potions of ambrosia {unknown}
 s - a potion of might {unknown}
 u - a potion of heal wounds {unknown}


   Skills:
 * Level 4.3 Fighting
 * Level 4.0 Axes
 + Level 3.0 Armour
 - Level 1.7 Dodging


You had 4 spell levels left.
You didn't know any spells.
Your spell library was empty.

Dungeon Overview and Level Annotations

Branches:
Dungeon (4/15)
 Temple: D:4-7

Altars:

Shops:
D:1 !


Innate Abilities, Weirdness & Mutations

You have large cloven feet.
You have a small tail.


Message History

You are too injured to fight recklessly!
You are too injured to fight recklessly!
You are too injured to fight recklessly!
You are too injured to fight recklessly!
You are too injured to fight recklessly!
You are too injured to fight recklessly!
You are too injured to fight recklessly!
You are too injured to fight recklessly!
You are too injured to fight recklessly!
You are too injured to fight recklessly!
You are too injured to fight recklessly!
You are too injured to fight recklessly!
You are too injured to fight recklessly!
You are too injured to fight recklessly!
You are too injured to fight recklessly!
You are too injured to fight recklessly!
You are too injured to fight recklessly!
You barely miss the gnoll.
The gnoll is heavily wounded.
The gnoll hits you with a +0 flail!
* * * LOW HITPOINT WARNING * * *
The gnoll barely misses you.
You hit the gnoll. You kick the gnoll, but do no damage.
The gnoll is heavily wounded.
The gnoll misses you.
You hit the gnoll. You kick the gnoll.
The gnoll is almost dead.
The gnoll hits you with a +0 flail.
* * * LOW HITPOINT WARNING * * *
You hit the gnoll.
The gnoll is almost dead.
The gnoll hits you with a +0 flail.
* * * LOW HITPOINT WARNING * * *
You hit the gnoll but do no damage.
The gnoll is almost dead.
The gnoll closely misses you.
You completely miss the gnoll.
The gnoll is almost dead.
The gnoll hits you with a +0 flail.
You die...

#
####.#
#.g..#
#@)..#
###.##
.. ##


You could see a gnoll.

Vanquished Creatures
  An orc priest (D:3)
  3 gnolls
  3 adders
  2 worms (D:3)
  A dart slug (D:1)
  9 orcs (D:3)
  3 endoplasms
  A giant cockroach (D:3)
  7 goblins
  8 hobgoblins
  4 jackals (D:1)
  6 kobolds
  2 quokkas
  5 ball pythons
  9 bats
  6 frilled lizards
  8 rats
78 creatures vanquished.

Notes
Turn   | Place    | Note
-------+----------+-------------------------------------------
     0 | D:1      | sammy202020 the Demonspawn Berserker began the quest for
                  | the Orb.
     0 | D:1      | Reached XP level 1. HP: 18/18 MP: 1/1
   157 | D:1      | Discovered your monstrous ancestry.
   157 | D:1      | Gained mutation: You have large cloven feet. [demonic
                  | ancestry]
   157 | D:1      | Reached XP level 2. HP: 23/24 MP: 2/2
   175 | D:1      | Found Herun's Distillery.
   457 | D:1      | Gained mutation: You have a small tail. [demonic ancestry]
   457 | D:1      | Reached XP level 3. HP: 22/29 MP: 3/3
   621 | D:1      | Reached ** piety under Trog
  1663 | D:2      | Reached XP level 4. HP: 37/37 MP: 4/4
  1837 | D:2      | Found a faded altar of an unknown god.
  2778 | D:3      | Reached XP level 5. HP: 28/42 MP: 5/5
  3063 | D:3      | Identified the +3 leather armour "Niromiwk" {Will+ Int+6}
  3104 | D:4      | Reached *** piety under Trog
  3109 | D:4      | HP: 2/42 [gnoll/+0 flail (3)]
  3111 | D:4      | Slain by a gnoll

Illustrated notes

Levels and vault maps discovered:
D:1:      lemuel_arrival_behind_the_door_small, layout_rooms, serial_shops,
          shop, st_stairs_10
D:2:      layout_loops_ring, ebering_ecumenical_altar_ruins,
          nicolae_figureground_pulse
D:3:      layout_basic
D:4:      layout_basic, mainiacjoe_overflow_concentric_impassable,
          mainiacjoe_overflow_six_doors_small, ebering_ghost_sewer_d,
          minivault_11

Skill      XL: |  1  2  3  4  5 |
---------------+----------------+-----
Armour         | 2 3 |  3.0
Axes           | 3 4 |  4.0
Fighting       | 4 |  4.3
Dodging        | |  1.7

Action                   |  1- 3 |  4- 6 || total
-------------------------+-------+-------++-------
Melee: Hand axe          |    91 |    92 ||   183
       Punch             |     1 |       ||     1
       Kick              |    17 |    27 ||    44
       Tailslap          |     4 |    11 ||    15
Invok: Berserk           |       |     1 ||     1
       Trog's Hand       |       |     1 ||     1
 Stab: Sleeping          |     1 |     1 ||     2
Armor: Leather armour    |    23 |     2 ||    25
       Ring mail         |       |    13 ||    13
Dodge: Dodged            |    65 |    57 ||   122

Table legend: (Time is in decaauts)
 A = Elapsed time spent in this place.
 B = Non-inter-level travel time spent in this place.
 C = Inter-level travel time spent in this place.
 D = Time resting spent in this place.
 E = Time spent auto-exploring this place.
 F = Levels seen in this place.
 G = Mean time per level.
                   A        B        C        D        E       F      G
               +--------+--------+--------+--------+--------+-----+--------+
         Total |   3136 |   3100 |     36 |    451 |   2122 |   4 |  784.0 |
       Dungeon |   3136 |   3100 |     36 |    451 |   2122 |   4 |  784.0 |
               +--------+--------+--------+--------+--------+-----+--------+

Top non-repeatable levels by time:
     D:2: 1175 daAuts
     D:1: 1054 daAuts
     D:3: 891 daAuts
     D:4: 15 daAuts
